Map: Orbital Shipyard

Players

Gzor

  • Race: Protoss Protoss

NordWind - Winner!

  • Race: Zerg Zerg

VOD

Have the link to the VOD?

Description

Time

  • Played on: Nov. 19, 2015, noon
  • Length: 15:09
Show
View Real Time Build Order
Export as new Build Order

Gzor Protoss 

Build Orders:  

Get SALT Encoding   

  12  0:14  Pylon  
  12  0:36  Forge  
  12  1:32  Pylon  
  12  1:35  Gateway  
  12  1:37  Gateway  
  12  1:40  Gateway  
  12  1:42  Gateway  
  12  2:02  Gateway  
  12  2:14  Probe (Chrono Boost)  
  13  2:24  Probe (Chrono Boost)  
  13  2:29  Pylon  
  14  2:35  Probe (Chrono Boost)  
  15  2:42  Zealot x2  
  21  2:44  Zealot  
  21  2:45  Probe (Chrono Boost)  
  22  2:56  Probe (Chrono Boost), Photon Cannon  
  23  3:15  Photon Cannon  
  23  3:26  Pylon  
  23  3:33  Photon Cannon  
  23  3:40  Photon Cannon  
  23  3:50  Photon Cannon  
  23  3:54  Photon Cannon  
  23  4:06  Pylon  
  23  4:16  Photon Cannon  
  23  4:37  Gateway  
  23  4:44  Gateway  
  23  4:47  Gateway  
  23  4:55  Assimilator  
  23  5:02  Cybernetics Core  
  23  5:29  Zealot  
  23  5:31  Zealot  
  23  5:34  Zealot  
  29  5:53  Probe (Chrono Boost)  
  29  5:57  Zealot  
  32  5:58  Zealot  
  32  5:59  Assimilator  
  32  6:01  Zealot  
  37  6:04  Probe (Chrono Boost)  
  37  6:08  Pylon  
  37  6:14  Probe (Chrono Boost)  
  38  6:25  Probe (Chrono Boost)  
  39  6:35  Probe (Chrono Boost)  
  40  6:43  Photon Cannon  
  40  6:45  Photon Cannon  
  40  6:46  Probe (Chrono Boost)  
  35  7:11  Warp Gate  
  35  7:32  Stargate  
  35  7:39  Robotics Facility  
  35  8:07  Twilight Council  
  35  8:12  Zealot x3  
  33  8:49  Pylon  
  32  9:23  Stalker  
  30  9:24  Pylon  
  30  9:30  Pylon  
  30  9:32  Pylon  
  30  9:41  Pylon  
  30  9:42  Stalker x3  
  30  9:44  Pylon  
  36  9:50  Nexus  
  32  10:15  Stalker x2  
  32  10:20  Stalker  
  32  10:21  Stalker x2  
  40  10:39  Stalker x2  
  44  10:44  Stalker x2  
  48  11:12  Stalker x2  
  52  11:28  Stargate  
  52  11:36  Probe (Chrono Boost)  
  54  11:47  Probe (Chrono Boost)  
  54  11:57  Probe (Chrono Boost)  
  54  11:58  Stalker  
  54  11:59  Stalker x2  
  49  12:08  Probe (Chrono Boost)  
  30  12:17  Void Ray (Chrono Boost)  
  30  12:18  Probe (Chrono Boost)  
  30  12:43  Zealot x2  
  24  13:30  Nexus  
  5  14:03  Nexus  
Show
View Real Time Build Order
Export as new Build Order

NordWind Zerg - Winner!

Build Orders: Hatch First 

Get SALT Encoding   

  12  0:01  Drone  
  13  0:13  Overlord  
  13  0:17  Drone  
  14  0:43  Hatchery  
  14  0:46  Drone  
  14  0:51  Drone  
  15  1:22  Spawning Pool  
  14  1:26  Drone x3, Extractor  
  16  1:52  Drone x2  
  18  1:58  Drone  
  18  1:59  Overlord  
  19  2:09  Queen  
  19  2:15  Queen  
  23  2:16  Overlord  
  23  2:20  Drone  
  24  2:26  Zergling x4  
  24  2:29  Drone  
  27  2:37  Metabolic Boost  
  27  2:39  Zergling x2  
  28  2:54  Drone x3  
  28  2:55  Drone  
  32  3:18  Hatchery  
  31  3:27  Lair  
  30  3:35  Zergling x2  
  30  3:36  Zergling x12  
  28  4:11  Drone x4  
  32  4:18  Roach Warren  
  32  4:21  Drone  
  32  4:58  Drone x3  
  32  4:59  Drone x2  
  37  5:02  Roach x3  
  37  5:06  Overlord x3  
  43  5:14  Drone x2, Extractor  
  44  5:24  Queen x2  
  48  5:33  Drone  
  49  5:35  Drone  
  49  5:39  Drone x3  
  53  5:47  Zergling x2  
  53  5:48  Zergling x8  
  58  5:56  Extractor  
  57  5:58  Roach x2  
  57  5:59  Roach x3  
  57  6:01  Overlord  
  57  6:02  Overlord  
  67  6:18  Glial Reconstitution  
  67  6:22  Ravager x2  
  67  6:23  Ravager  
  67  6:25  Roach  
  72  6:26  Roach x3  
  78  6:56  Roach  
  78  6:57  Roach x2  
  82  7:14  Roach  
  82  7:15  Roach  
  83  7:17  Overlord  
  83  7:18  Overlord x4  
  83  7:59  Spine Crawler  
  83  8:00  Spine Crawler x2  
  83  8:04  Roach  
  83  8:05  Roach x5  
  92  8:08  Ravager  
  92  8:09  Ravager x3  
  77  8:47  Roach x4  
  77  8:48  Roach x4  
  71  9:16  Roach x6  
  83  9:45  Hatchery  
  82  9:53  Drone x2  
  82  9:54  Drone  
  86  10:00  Drone x3, Extractor  
  86  10:05  Tunneling Claws  
  87  10:15  Roach x6  
  99  10:38  Hydralisk Den  
  98  10:45  Drone x4  
  102  10:52  Infestation Pit  
  101  11:06  Drone x5  
  101  11:07  Drone  
  101  11:10  Queen  
  109  11:23  Hydralisk, Roach  
  109  11:24  Hydralisk x4  
  121  11:27  Overlord x5  
  119  11:46  Queen  
  119  11:49  Pneumatized Carapace  
  119  11:51  Hydralisk x2  
  119  11:52  Hydralisk x6  
  125  12:07  Evolution Chamber  
  120  12:09  Evolution Chamber  
  117  12:21  Roach x9  
  135  12:50  Hydralisk x8  
  149  13:28  Ravager x2  
  149  13:29  Ravager x5  
  156  13:43  Overlord x3  
  156  13:44  Overlord  
Tags
 
Add a new tag
Caveats
  • Supply blocks, unpowered buildings, or Contaminate may cause inaccurate times.
  • Supply counts are checked every 10 seconds.